 Dungeon Crawl Stone Soup version 0.32-a0-975-g85d4e5bfdb (webtiles) character file.

Game seed: 8747848495119398989

830 freelancePsychic the Trooper (level 7, -2/93 HPs)
             Began as a Red Draconian Wanderer on Apr 18, 2024.
             Was a Follower of Makhleb.
             Slain by a hornet (11 damage)
             ... on level 8 of the Dungeon.
             The game lasted 00:07:31 (4415 turns).

freelancePsychic the Trooper (DrWn)                 Turns: 4415, Time: 00:07:31

Health: -2/93      AC:  7    Str: 16    XL:     7   Next: 65%
Magic:  9/9        EV: 10    Int: 11    God:    Makhleb [*.....]
Gold:   205        SH:  0    Dex: 18    Spells: 6/6 levels left

rFire   + . .        c - +1 quarterstaff
rCold   . . .        (shield currently unavailable)
rNeg    . . .        (body armour unavailable)
rPois   .            (helmet restricted)
rElec   .            t - +0 cloak
rCorr   .            (no gloves)
SInv    .            (no boots)
Will    .....        x - amulet of the acrobat Stlth
                     p - +6 ring of strength
HPRegen 0.35/turn    (no ring)
MPRegen 0.11/turn

%: acrobat
@: berserking, lethally poisoned (-2 -> -23), very quick
A: combustion breath, AC +6, unfitting armour, fire resistance 1, cold-blooded
a: Combustion Breath, Renounce Religion


You were on level 8 of the Dungeon.
You worshipped Makhleb.
Makhleb was aware of your devotion.
You visited 1 branch of the dungeon, and saw 7 of its levels.

You collected 251 gold pieces.
You spent 46 gold pieces at shops.

Inventory:

Hand Weapons
 c - a +1 quarterstaff (weapon)
Armour
 t - a +0 cloak (worn)
Jewellery
 p - a +6 ring of strength (left hand)
 x - an amulet of the acrobat (around neck)
Talismans
 s - a maw talisman
 y - a blade talisman
Wands
 l - a wand of roots (10)
 z - a wand of light (8)
 B - a wand of paralysis (7)
Scrolls
 a - a scroll of butterflies {unknown}
 g - 3 scrolls of noise
 h - a scroll of fog
 n - a scroll of poison
 q - a scroll of silence
Potions
 j - a potion of attraction {unknown}
 k - 2 potions of heal wounds {@q2}
 o - a potion of ambrosia {unknown}
 r - a potion of degeneration {unknown}
 u - 2 potions of resistance {unknown}
 v - a potion of enlightenment {unknown}
 w - 3 potions of mutation {unknown}


   Skills:
 + Level 5.7 Fighting
 + Level 5.2 Staves
 - Level 4.5 Stealth
 + Level 3.9 Invocations
 + Level 3.1 Shapeshifting


You had 6 spell levels left.
You didn't know any spells.
Your spell library contained the following spells:

 Spells                   Type           Power      Damage    Failure   Level
 Cigotuvi's Dreadful Rot  Necr/Alch/Air  0%         N/A       47%         2
 Inner Flame              Hex/Fire       0%         N/A       71%         3
 Dispel Undead            Necr           0%         3d6       98%         4
 Flame Wave               Conj/Fire      0%         2d4       98%         4
 Martyr's Knell           Necr/Summ      0%         N/A       98%         4
 Sticky Flame             Fire/Alch      0%         2d4       98%         4
 Death Channel            Necr           0%         N/A       100%        6
 Sculpt Simulacrum        Ice/Alch       0%         N/A       100%        6
 Haunt                    Necr/Summ      0%         N/A       100%        7
 Rimeblight               Ice/Necr       0%         2d3       (prima100%   7
 Borgnjor's Revivificati  Necr           0%         N/A       100%        8
 Death's Door             Necr           0%         N/A       100%        9


Dungeon Overview and Level Annotations

Branches:
Dungeon (8/15)
 Temple: D:4-7         Lair: D:8-11

Altars:
Makhleb
Qazlal
Yredelemnul

Shops:
D:1 *   D:8 =

Annotations:
D:4 exclusion: orc
D:7 exclusion: jelly


Innate Abilities, Weirdness & Mutations

You can breathe blasts of explosive embers.
Your fiery red scales are hard. (AC +6)
You cannot fit into any form of body armour.
Your flesh is heat resistant. (rF+)
You are cold-blooded and may be slowed by cold attacks.


Message History

You hit the hornet.
The hornet is lightly wounded.
You feel very sick. The hornet stings you!
You are more poisoned.
You feel yourself slow down.
Hit: c) +1 quarterstaff
Press: ? - help, Dir - move target, f - hornet
Aim: a hornet (lightly wounded, about 45% to evade your +1 quarterstaff)
Okay, then.
A red film seems to cover your vision as you go berserk!
You feel yourself moving faster!
You feel mighty!
You feel yourself speed up.
You feel very sick. The hornet stings you.
You suddenly lose the ability to move!
The hornet stings you!
You feel yourself slow down. The hornet stings you!
You are more poisoned.
You shrug off the repeated paralysis!
You can move again.
You sock the hornet!
Your tail-slap misses the hornet.
The hornet is severely wounded.
You feel very sick. The hornet misses you.
You sock the hornet!
Your tail-slap misses the hornet.
The hornet is almost dead.
You feel yourself speed up.
You feel very sick.
The hornet stings you but does no damage.
The hornet stings you!
* * * LOW HITPOINT WARNING * * *
You are lethally poisoned!
You shrug off the repeated paralysis!
You closely miss the hornet.
Your tail-slap misses the hornet.
The hornet is almost dead.
* * * LOW HITPOINT WARNING * * *
You feel very sick. The hornet stings you!
You die...

#. #.#
#.####.## #
#.......##.###
#..............
#.##.#..##.#.##
# #.#..# #
#.#.?# #.#..#
#.#.@# #.#.y#
#.#..# #.#..#
.... .....
##..# #..#


You could see a hornet.

Vanquished Creatures
  A black bear (D:5)
  2 centaurs
  A kobold brigand (D:8)
  A scorpion (D:4)
  4 howler monkeys (D:8)
  2 iguanas
  3 orc wizards (D:8)
  7 adders
  A shadow imp (D:8)
  6 dart slugs
  A ribbon worm (D:4)
  8 orcs
  5 ball pythons
  5 endoplasms
  7 hobgoblins
  3 jackals
  6 quokkas
  4 bats
  2 frilled lizards
  3 goblins
  15 kobolds
  3 rats
90 creatures vanquished.

Notes
Turn   | Place    | Note
-------+----------+-------------------------------------------
     0 | D:1      | freelancePsychic the Draconian Wanderer began the quest for
                  | the Orb.
     0 | D:1      | freelancePsychic set off with the following items: a +2
                  | dagger, a scroll of blinking, a +0 quarterstaff, a potion
                  | of lignification, a potion of berserk rage.
     0 | D:1      | Reached XP level 1. HP: 17/17 MP: 1/1
   186 | D:1      | Reached XP level 2. HP: 25/25 MP: 2/2
   345 | D:1      | Found Ojelippeno's Assorted Antiques.
   624 | D:1      | Reached XP level 3. HP: 24/31 MP: 3/3
   957 | D:2      | Found a basalt altar of Yredelemnul.
  1133 | D:2      | Identified the +7 trident of Kiynaur {pain, rF+}
  1592 | D:2      | Reached XP level 4. HP: 39/40 MP: 4/4
  1980 | D:1      | Bought a scroll labelled KAPTELUCSI for 23 gold pieces
  1980 | D:1      | Bought a scroll labelled QUSTUS MYMANETUG for 23 gold
                  | pieces
  2698 | D:3      | Found a burning altar of Makhleb.
  2700 | D:3      | Noticed a green death
  2719 | D:3      | Noticed a smoke demon
  2719 | D:3      | Noticed a neqoxec
  2721 | D:3      | Became a worshipper of Makhleb the Destroyer
  2795 | D:4      | Noticed a centaur
  2833 | D:4      | Killed a centaur
  2834 | D:4      | Reached skill level 1 in Shapeshifting
  2834 | D:4      | Reached XP level 5. HP: 19/47 MP: 4/6
  3064 | D:4      | Reached XP level 6. HP: 44/53 MP: 7/7
  3209 | D:4      | Found a stormy altar of Qazlal.
  3458 | D:5      | Entered Level 5 of the Dungeon
  3705 | D:5      | Reached skill level 5 in Fighting
  3819 | D:5      | You fall into a shaft and drop 2 floors!
  3873 | D:7      | Noticed an orc warrior
  3881 | D:7      | Noticed an ice beast
  3999 | D:8      | Your scales start taking on a fiery red colour.
  3999 | D:8      | Reached XP level 7. HP: 61/61 MP: 9/9
  3999 | D:8      | Gained mutation: Your flesh is heat resistant. (rF+) [Red
                  | Draconian growth]
  4077 | D:8      | Reached * piety under Makhleb
  4078 | D:8      | Reached skill level 5 in Staves
  4337 | D:8      | Found Ecuose's Jewellery Emporium.
  4407 | D:8      | Noticed a hornet
  4410 | D:8      | Paralysed by a hornet for 1 turns
  4412 | D:8      | Paralysed by a hornet for 1 turns
  4415 | D:8      | Slain by a hornet

Illustrated notes

Levels and vault maps discovered:
D:1:      ncdulo_wetmaze, layout_basic, serial_shops, shop, patterned_corridor
D:2:      layout_loops_corners, basic_altar, nicolae_half_adder
D:3:      layout_basic, makhleb_altar_promises_db, roderic_roman_lattice,
          amethyst_killhole, minmay_fractal_squares_gapless_5
D:4:      layout_cave_pools, nicolae_qazlal_eye_of_the_storm, minmay_small_thing
D:5:      minmay_octagon_keep, layout_basic, minmay_temple_entry_grid,
          uniq_pikel, uniq_grinder
D:7:      layout_basic
D:8:      layout_loops_ring, serial_shops, nicolae_shop_gaudy_bauble

Skill      XL: |  1  2  3  4  5  6  7 |
---------------+----------------------+-----
Fighting       | 3 4 5 |  5.7
Staves         | 3 4 5 |  5.2
Shapeshifting  | 1 2 3 |  3.1
Invocations    | 2 3 |  3.9
Stealth        | |  4.5

Action                     |  1- 3 |  4- 6 |  7- 9 || total
---------------------------+-------+-------+-------++-------
  Melee: Quarterstaff      |    76 |   135 |    85 ||   296
         Tailslap          |     8 |    16 |     7 ||    31
Ability: Combustion Breath |       |       |     2 ||     2
  Evoke: Wand              |       |     2 |       ||     2
    Use: Scroll            |     1 |     9 |     1 ||    11
         Potion            |       |     1 |     4 ||     5
   Stab: Sleeping          |    14 |     4 |       ||    18
         Distracted        |       |     2 |       ||     2
 Armour: Skin              |    41 |   108 |    83 ||   232
  Dodge: Dodged            |    39 |    97 |    35 ||   171

Table legend: (Time is in decaauts)
 A = Elapsed time spent in this place.
 B = Non-inter-level travel time spent in this place.
 C = Inter-level travel time spent in this place.
 D = Time resting spent in this place.
 E = Time spent auto-exploring this place.
 F = Levels seen in this place.
 G = Mean time per level.
                   A        B        C        D        E       F      G
               +--------+--------+--------+--------+--------+-----+--------+
         Total |   4456 |   4250 |    206 |    231 |   3117 |   7 |  636.6 |
       Dungeon |   4456 |   4250 |    206 |    231 |   3117 |   7 |  636.6 |
               +--------+--------+--------+--------+--------+-----+--------+

Top non-repeatable levels by time:
     D:2: 1032 daAuts
     D:1: 1018 daAuts
     D:3: 996 daAuts
     D:8: 506 daAuts
     D:4: 447 daAuts
     D:5: 361 daAuts
     D:7: 93 daAuts
